 Dungeon Crawl Stone Soup version 0.28-a0-8-g6e044cfa68 (webtiles) character file.

Game seed: 3529534825725139770

2156 Sobieck the Grappler (level 9, -14/81 HPs)
             Began as a Ghoul Delver on July 24, 2021.
             Was an Initiate of Hepliaklqana.
             Killed from afar by Joseph (16 damage)
             ... with a bolt of acid
             ... on level 7 of the Dungeon.
             The game lasted 00:20:14 (6935 turns).

Sobieck the Grappler (Ghoul Delver)                 Turns: 6935, Time: 00:20:14

Health: -14/81     AC: 10    Str: 25    XL:     9   Next: 31%
Magic:  8/8        EV:  5    Int:  5    God:    Hepliaklqana [......]
Gold:   228        SH: 11    Dex: 10    Spells: 8/8 levels left

rFire   . . .      SeeInvis .     - Unarmed
rCold   + . .      Faith    .   C - +2 kite shield
rNeg    + + +      Spirit   .   v - +0 plate armour
rPois   ∞          Reflect  .   (no helmet)
rElec   .          Harm     .   F - scarf {repulsion}
rCorr   .          Rampage  .   (no gloves)
Will    .....                   r - +1 pair of boots
Stlth   ..........              (no amulet)
HPRegen 0.00/turn               u - +6 ring of strength
MPRegen 0.11/turn               (no ring)

@: corroded, inhibited regen, hasted, repel missiles, very quick
A: claws 1, cold resistance 1, negative energy resistance 3, inhibited
regeneration, torment resistance 2
a: Renounce Religion


You were on level 7 of the Dungeon.
You worshipped Hepliaklqana.
Hepliaklqana was noncommittal.
You visited 2 branches of the dungeon, and saw 8 of its levels.

You collected 228 gold pieces.


Innate Abilities, Weirdness & Mutations

You thrive by killing the living.
You are immune to poison.
You have sharp fingernails.
Your flesh is cold resistant. (rC+)
You are immune to negative energy. (rN+++)
You do not regenerate when monsters are visible.
You are immune to unholy pain and torment.


   Skills:
 + Level 8.3 Fighting
 + Level 4.4 Armour
 - Level 1.7 Dodging
 - Level 5.4 Stealth
 + Level 3.5 Shields
 + Level 8.3 Unarmed Combat


You had 8 spell levels left.
You didn't know any spells.
Your spell library contained the following spells:

 Spells                   Type           Power      Damage    Failure   Level
 Magic Dart               Conj           0%         1d3       100%        1
 Searing Ray              Conj           0%         3d3       100%        2
 Slow                     Hex            0%         N/A       100%        2
 Confusing Touch          Hex            0%         N/A       100%        3
 Vampiric Draining        Necr           0%         2d6       100%        3
 Fulminant Prism          Conj/Hex       0%         3d6       100%        4

Inventory:

Hand Weapons
 l - the +5 flail "Sanakhacru" {chaos, rPois rF+ Int+4 SInv, mace}
   (You found it on level 4 of the Dungeon)

   Each time it hits an enemy it has a different, random effect.
   Int:       It affects your intelligence (+4).
   rF:        It protects you from fire.
   rPois:     It protects you from poison.
   SInv:      It lets you see invisible.
 O - a +1 long sword of flaming {long}
   (You took it off Maggie on level 7 of the Dungeon)
Missiles
 g - 189 stones (quivered) {throwing}
 j - 81 sling bullets
 n - 170 arrows
 q - 12 poisoned darts {throwing}
 s - 25 boomerangs {throwing}
 B - 62 bolts
 I - 6 atropa-tipped darts {throwing}
 K - 2 throwing nets {=f!fthrowing}
Armour
 a - a +0 leather armour
 h - a +2 ring mail of poison resistance
   (You took it off an orc on level 4 of the Dungeon)
 p - a +0 chain mail
   (You found it on level 1 of the Dungeon)
 r - a +1 pair of boots (worn)
   (You found it on level 2 of the Dungeon)
 v - a +0 plate armour (worn)
   (You found it on level 3 of the Dungeon)
 y - a +0 leather armour of fire resistance
   (You found it on level 3 of the Dungeon)
 C - a +2 kite shield (worn)
   (You found it on level 4 of the Dungeon)
 F - a scarf of repulsion (worn)
   (You found it on level 5 of the Dungeon)
 J - a +3 leather armour
   (You found it on level 6 of the Dungeon)
Jewellery
 u - a +6 ring of strength (left claw)
   (You found it on level 3 of the Dungeon)
Wands
 f - a wand of digging (3)
 x - a wand of paralysis (6)
   (You found it on level 3 of the Dungeon)
Scrolls
 b - a scroll of fog
 c - 2 scrolls of amnesia {unknown}
 d - a scroll of fear
 k - a scroll of enchant armour
 m - a scroll of teleportation {@r4}
 w - a scroll of silence {unknown}
 A - a scroll of brand weapon {unknown}
 D - a scroll of blinking {unknown}
 H - a scroll of holy word {unknown}
 L - a scroll of magic mapping {!r}
Potions
 e - a potion of haste {@q3}
 i - 2 potions of berserk rage {!q}
 o - a potion of degeneration {!q@e2}
 t - a potion of heal wounds {unknown}
 z - 2 potions of curing {unknown}
 E - a potion of invisibility {unknown}
 G - a potion of cancellation {unknown}
 M - a potion of flight {unknown}
 N - a potion of brilliance {unknown}

Dungeon Overview and Level Annotations

Branches:
Dungeon (7/15)             Temple (1/1) D:7

Altars:
Cheibriados
Dithmenos
Elyvilon
Fedhas
Gozag
Hepliaklqana
Kikubaaqudgha
Makhleb
Nemelex Xobeh
Okawaru
Qazlal
Sif Muna
Uskayaw
Vehumet
Wu Jian
Xom
The Shining One

Shops:
D:6 [?*

Annotations:
D:7 Joseph #.# #.# #.# .# #.# gg#

#.# #@## #[#
#######...## #.#
#... .g....#
#.###.###.......
#).@@g.........#
#####.....(...#
##.........#..#
####...⌠.........#
..............##.#
.##.#⌠.>.⌠.....# #
#..............
.......⌠..##...###
.##.#.....# ...#


You could see Joseph and a gnoll.


Message History

You drop +0 steam dragon scales.
Found a staircase to the Ecumenical Temple.
There is a fountain of clear blue water here.
There is a staircase to the Ecumenical Temple here.
You climb downwards.
Welcome to the Ecumenical Temple!
There is a staircase back to the Dungeon here.
There is a fountain of clear blue water here.
Found three altars.
Found five altars.
Found three altars.
Found a stormy altar of Qazlal.
There is an opulent altar of Gozag here.
Unknown command.
There is a hazy altar of Hepliaklqana here.
You kneel at the altar of Hepliaklqana.
Hepliaklqana welcomes you!
(D) Dungeon (T) Temple
Where to? (Enter - D:7, ? - help)
There is a staircase back to the Dungeon here.
You climb upwards.
Welcome back to the Dungeon!
There is a staircase to the Ecumenical Temple here.
A gnoll comes into view. It is wielding a +0 club.
The gnoll shouts!
A gnoll comes into view. It is wielding a +0 spear.
A gnoll comes into view. It is wielding a +0 flail.
Joseph, a Mercenary comes into view.
He is wielding a +0 quarterstaff and carrying a wand of acid (9).
The gnoll shouts!
A gnoll sergeant comes into view. It is wielding a +0 trident of venom.
You start waiting.
A gnoll is nearby!
The gnoll hits you but does no damage. x2
You scratch the gnoll.
The gnoll hits you but does no damage. x2
You scratch the gnoll. You block the gnoll's attack.
The gnoll hits you with a +0 club. 😕 HP[-3]
You take 3 damage, and now have 78/81 hp.
You claw the gnoll!
You kill the gnoll!
The gnoll hits you with a +0 flail.
Joseph smiles happily. 😕 HP[-3]
You take 3 damage, and now have 75/81 hp.
You scratch the gnoll. The gnoll hits you but does no damage.
The gnoll barely misses you.
You claw the gnoll!
You kill the gnoll!
Joseph unwields a +0 quarterstaff.
Joseph wields a +0 hunting sling.
Joseph shoots a sling bullet.
You block the sling bullet. You block the gnoll's attack.
Joseph zaps a wand.
The bolt of acid hits you!
You are splashed with acid!!
* * * LOW HITPOINT WARNING * * *
Things that are here:
a +0 flail {mace}; a gnoll corpse; 😨 HP[-36]
You take 36 damage, and now have 39/81 hp.
MASSIVE DAMAGE!! (PAUSE)
You barely miss Joseph. You block the gnoll's attack.
Joseph unwields a +0 hunting sling.
Joseph wields a +0 quarterstaff.
Joseph hits you with a +0 quarterstaff.
* * * LOW HITPOINT WARNING * * *
😨 HP[-1]
You take 1 damage, and now have 38/81 hp.
You claw Joseph! The gnoll hits you but does no damage.
You block Joseph's attack.
Unknown command.
You scratch Joseph but do no damage. The gnoll hits you but does no damage.
You block Joseph's attack.
You completely miss Joseph. The gnoll hits you but does no damage.
Joseph zaps a wand.
The bolt of acid hits you.
* * * LOW HITPOINT WARNING * * *
You are splashed with acid!
* * * LOW HITPOINT WARNING * * *
😱 HP[-18]
You take 18 damage, and now have 20/81 hp.
MASSIVE DAMAGE!! (PAUSE)
Okay, then.
You feel yourself speed up.
The gnoll hits you from afar with a +0 spear.
* * * LOW HITPOINT WARNING * * *
Joseph closely misses you. 😱 HP[-5]
You take 5 damage, and now have 15/81 hp.
You claw Joseph! You block the gnoll's attack.
Joseph hits you but does no damage.
You claw Joseph! You block the gnoll's attack.
You claw Joseph!
Joseph zaps a wand.
The bolt of acid hits you.
* * * LOW HITPOINT WARNING * * *
The acid corrodes you!
You are splashed with acid!
* * * LOW HITPOINT WARNING * * *
The gnoll barely misses you. 😱 HP[-13]
You take 13 damage, and now have 2/81 hp.
You barely miss Joseph. You block Joseph's attack.
You closely miss Joseph. The gnoll barely misses you.
Joseph zaps a wand.
The bolt of acid hits you!
You die...

Skill      XL: |  1  2  3  4  5  6  7  8  9 |
---------------+----------------------------+-----
Unarmed Combat | 4 5 6 7 8 |  8.3
Fighting       | 4 6 7 8 |  8.3
Armour         | 2 3 4 |  4.4
Shields        | 2 3 |  3.5
Dodging        | |  1.7
Stealth        | |  5.4

Action                   |  1- 3 |  4- 6 |  7- 9 || total
-------------------------+-------+-------+-------++-------
Melee: Unarmed           |    18 |   135 |   404 ||   557
       Punch             |       |     1 |       ||     1
  Use: Scroll            |       |       |     7 ||     7
       Potion            |       |       |     1 ||     1
 Stab: Sleeping          |       |     2 |       ||     2
Armor: Leather armour    |     2 |    19 |       ||    21
       Chain mail        |       |    12 |    23 ||    35
       Plate armour      |       |       |   247 ||   247
Dodge: Dodged            |    11 |    51 |   105 ||   167
Block: Kite shield       |       |       |   142 ||   142

Levels and vault maps discovered:
D:1:      lemuel_arrival_rhombus, layout_basic, minmay_pentomino_r2
D:2:      wander_river, layout_basic, serial_park_tiny_1
D:3:      layout_basic, lemuel_crystal_altar, led_sif_pool, okawaru_gym_becter,
          ebering_ecumenical_altar_abandoned
D:4:      layout_cave_pools, kiku_gazebo_garden_becter, minmay_misc_feat_doors
D:5:      corexii_shack_village, layout_basic, fiery_altar_vehumet
D:6:      layout_loops_ring, nicolae_ossuary_entry_giza, serial_shops, shop,
          nicolae_shop_stone, nicolae_stop_n_shop_1
D:7:      layout_loops_cross, gammafunk_temple_overflow_statue, kennysheep_mini,
          temple_fountains, serial_shops, shop, feat_on_display, uniq_maggie,
          uniq_menkaure, uniq_joseph
Temple:   minmay_temple_bridge_abc

Notes
Turn   | Place    | Note
-------+----------+-------------------------------------------
     0 | D:5      | Sobieck the Ghoul Delver began the quest for the Orb.
     0 | D:5      | Reached XP level 1. HP: 19/19 MP: 0/0
     0 | D:5      | magus.rc [v1.9.6]
     1 | D:6      | Found Bezi's Armour Boutique.
   252 | D:6      | Reached skill level 4 in Unarmed Combat
   252 | D:6      | Reached XP level 2. HP: 15/26 MP: 1/1
   252 | D:6      | Reached XP level 3. HP: 18/31 MP: 2/2
   394 | D:6      | Noticed an ice beast
   406 | D:6      | Killed an ice beast
   407 | D:6      | Reached skill level 5 in Unarmed Combat
   407 | D:6      | Reached XP level 4. HP: 17/38 MP: 3/3
   407 | D:6      | Reached XP level 5. HP: 21/45 MP: 4/4
   575 | D:6      | Found Lithiud's Magic Scroll Shoppe.
   590 | D:6      | Reached skill level 6 in Unarmed Combat
   737 | D:5      | Reached skill level 4 in Fighting
   737 | D:5      | Reached XP level 6. HP: 48/53 MP: 5/5
   803 | D:5      | Reached skill level 5 in Fighting
  1088 | D:5      | You fall into a shaft and drop 1 floor!
  1089 | D:6      | Noticed a sky beast
  1278 | D:4      | Found an ancient bone altar of Kikubaaqudgha.
  1617 | D:1      | Reached skill level 6 in Fighting
  2466 | D:2      | Reached XP level 7. HP: 63/63 MP: 6/6
  3108 | D:3      | Reached skill level 1 in Armour
  3473 | D:3      | Found a shimmering altar of Xom.
  3714 | D:3      | Found a faded altar of an unknown god.
  3739 | D:3      | Found an iron altar of Okawaru.
  4006 | D:3      | Found a shimmering blue altar of Sif Muna.
  4253 | D:4      | Reached skill level 2 in Armour
  4257 | D:4      | Identified the +5 flail "Sanakhacru" {chaos, rPois rF+
                  | Int+4 SInv}
  4743 | D:5      | Found a radiant altar of Vehumet.
  4810 | D:5      | Reached skill level 7 in Unarmed Combat
  4810 | D:5      | Reached XP level 8. HP: 63/71 MP: 7/7
  4854 | D:5      | Reached skill level 7 in Fighting
  5043 | D:5      | Reached skill level 1 in Shields
  5235 | D:5      | Reached skill level 3 in Armour
  5251 | D:5      | HP: 17/73 [orc warrior (2)]
  5555 | D:5      | You pick up a book of Conjurations {@e2} and begin
                  | reading...
  5555 | D:5      | You add the spells Magic Dart, Searing Ray and Fulminant
                  | Prism to your library.
  5777 | D:5      | You pick up a book of Debilitation and begin reading...
  5777 | D:5      | You add the spells Slow, Vampiric Draining and Confusing
                  | Touch to your library.
  5829 | D:5      | Reached skill level 2 in Shields
  6177 | D:6      | Reached XP level 9. HP: 78/81 MP: 8/8
  6265 | D:6      | Reached skill level 4 in Armour
  6272 | D:6      | Reached skill level 3 in Shields
  6279 | D:6      | Reached skill level 8 in Fighting
  6279 | D:6      | Reached skill level 8 in Unarmed Combat
  6457 | D:6      | Found Tyevuc's Assorted Antiques.
  6721 | D:7      | Noticed Maggie
  6734 | D:7      | Killed Maggie
  6833 | D:7      | Found a staircase to the Ecumenical Temple.
  6840 | Temple   | Entered the Ecumenical Temple
  6881 | Temple   | Became a worshipper of Hepliaklqana the Forgotten
  6907 | D:7      | Noticed Joseph
  6929 | D:7      | HP: 20/81 [acid (13)]
  6933 | D:7      | HP: 2/81 [acid (12)]
  6935 | D:7      | Killed from afar by Joseph

Vanquished Creatures
  Maggie (D:7)
  An orc warrior (D:5)
  An ice beast (D:6)
  A black bear (D:5)
  A sky beast (D:6)
  2 centaurs (D:6)
  2 phantoms (D:5)
  2 bullfrogs (D:6)
  A water moccasin zombie (D:6)
  4 scorpions
  A howler monkey (D:5)
  2 bullfrog zombies
  A bullfrog skeleton (D:5)
  2 hounds
  A gnoll shaman (D:6)
  3 iguanas
  7 orc wizards
  A mummy (D:6)
  7 gnolls
  8 adders
  A white imp (D:6)
  A worm (D:3)
  8 dart slugs
  24 orcs
  6 ball pythons
  4 endoplasms
  3 giant cockroaches
  10 goblins
  11 hobgoblins
  15 jackals
  8 kobolds
  5 quokkas
  4 bats
  8 frilled lizards
  A hobgoblin zombie (D:6)
  A kobold zombie (D:6)
  3 rats
162 creatures vanquished.

Vanquished Creatures (others)
  4 plants (D:5)
4 creatures vanquished.

Grand Total: 166 creatures vanquished

Table legend:
 A = Non-vault XP
 B = Vault XP
 C = Vault XP percentage of total XP
 D = Non-vault monster count
 E = Vault monster count
 F = Vault count percentage of total count
                 A         B        C        D         E       F
            +---------+---------+-------+---------+---------+-------
      Total |    2650 |     431 |  14.0 |     142 |      20 |  12.3
            +---------+---------+-------+---------+---------+-------
        D:1 |      41 |       3 |   6.8 |      22 |       2 |   8.3
        D:2 |      86 |       0 |   0.0 |      22 |       0 |   0.0
        D:3 |     204 |       0 |   0.0 |      35 |       0 |   0.0
        D:4 |     304 |       0 |   0.0 |      16 |       0 |   0.0
        D:5 |     895 |      29 |   3.1 |      22 |      14 |  38.9
        D:6 |    1091 |      20 |   1.8 |      23 |       3 |  11.5
        D:7 |      29 |     379 |  92.9 |       2 |       1 |  33.3
            +---------+---------+-------+---------+---------+-------

Illustrated notes

Table legend:
 A = Kills in this place as a percentage of kills in entire the game.
 B = Kills by you in this place as a percentage of kills by you in the entire game.
 C = Kills by friends in this place as a percentage of kills by friends in the entire game.
 D = Other kills in this place as a percentage of other kills in the entire game.
 E = Experience gained in this place as a percentage of experience gained in the entire game.
 F = Experience gained in this place divided by the number of levels of this place that you have seen.
                   A       B       C       D       E      F
               +-------+-------+-------+-------+-------+----------------------
         Total | 100.0 | 100.0 |   N/A |   N/A | 100.0 | 385.1
       Dungeon | 100.0 | 100.0 |   N/A |   N/A | 100.0 | 440.1
               +-------+-------+-------+-------+-------+----------------------

Table legend: (Time is in decaauts)
 A = Elapsed time spent in this place.
 B = Non-inter-level travel time spent in this place.
 C = Inter-level travel time spent in this place.
 D = Time resting spent in this place.
 E = Time spent auto-exploring this place.
 F = Levels seen in this place.
 G = Mean time per level.
                   A        B        C        D        E       F      G
               +--------+--------+--------+--------+--------+-----+--------+
         Total |   6940 |   6601 |    339 |   1900 |   3402 |   8 |  867.5 |
       Dungeon |   6877 |   6559 |    318 |   1900 |   3381 |   7 |  982.4 |
        Temple |     62 |     41 |     21 |      0 |     21 |   1 |   62.0 |
               +--------+--------+--------+--------+--------+-----+--------+

Top non-repeatable levels by time:
     D:5: 1964 daAuts
     D:6: 1256 daAuts
     D:3: 1189 daAuts
     D:2: 897 daAuts
     D:1: 722 daAuts
     D:4: 658 daAuts
     D:7: 187 daAuts
  Temple: 62 daAuts
